cohdb
Replays
Latest Replays
All Replays
Popular Replays
Top Player Replays
Match Explorer
How It Works
Community
CoH3 Stats
Reddit
Sign in to upload your games and track your stats! →
Sign in with Steam
Match 41686944
Unlisted
Match 41686944
Overview
Messages
Build Orders
End
Royal Engineer Section
Construct Section Command Post
Selects Canadian Shock Battlegroup
Infantry Section
Vickers Machine Gun Team
ML 3-inch Mortar Team
Construct Platoon Command Post
Selects Attacking Spirit
Selects Canadian Shock Section
Canadian Shock Section
Humber Armored Car
Construct Field Infirmary
Selects Burnout
Canadian Shock Section
Construct Company Command Post
Matilda II Heavy Tank
Selects Pyrotechnics
Foot Guards Section
Unlock M3 Grant Medium Tanks
Burnout
M3 Grant Medium Tank
Foot Guards Section
Burnout
M3 Grant Medium Tank
Burnout
Selects Churchill Crocodile Heavy Tank
M3 Grant Medium Tank
Grenade Package
matjouz
Sarmynation
Legion1003
Iromier
0
0
Comments
sign in to comment!
No comments posted yet!